 Dungeon Crawl Stone Soup version 0.20-a0-1018-ge435b50 (webtiles) character file.

65 Monsterracer the Grave Robber (level 4, -2/33 HPs)
             Began as a Ghoul Necromancer on Apr 17, 2017.
             Slain by an adder (5 damage)
             ... on level 2 of the Dungeon.
             The game lasted 00:07:34 (1116 turns).

Monsterracer the Grave Robber (Ghoul Necromancer)   Turns: 1116, Time: 00:07:34

Health: -2/33      AC:  2    Str: 11    XL:     4   Next: 13%
Magic:  0/5        EV: 12    Int: 11    God:
Gold:   116        SH:  0    Dex: 11    Spells: 1/6 levels left

rFire    . . .     SeeInvis .     - Unarmed
rCold    + . .     Gourm    .   (no shield)
rNeg     + + +     Faith    .   a - +0 robe
rPois    ∞         Spirit   .   (no helmet)
rElec    .         Reflect  .   (no cloak)
rCorr    .         Harm     .   (no gloves)
MR       .....                  (no boots)
Stlth    ++........             (no amulet)
Regen    0.0/turn               k - +2 ring of dexterity
MPRegen  0.1/turn               (no ring)

@: very slightly contaminated, rotting
A: rotting body, claws 1, carnivore 3, cold resistance 1, negative energy
resistance 3, inhibited regeneration, torment resistance, unbreathing
a: no special abilities


You were on level 2 of the Dungeon.
You were not hungry.

You visited 1 branch of the dungeon, and saw 2 of its levels.

You collected 116 gold pieces.

Inventory:

Armour
 a - a +0 robe (worn)
 d - a +0 buckler
Jewellery
 f - an uncursed ring of ice
 k - a +2 ring of dexterity (left claw)
Scrolls
 e - a scroll of teleportation
Potions
 h - a potion of heal wounds
Books
 b - a book of Necromancy

   Spells                             Type                      Level
   a - Pain                           Necromancy                   1
   b - Animate Skeleton               Necromancy                   1
   c - Vampiric Draining              Necromancy                   3
   d - Regeneration                   Charms/Necromancy            3
   e - Animate Dead                   Necromancy                   4
   f - Control Undead                 Necromancy                   4
Comestibles
 c - 3 meat rations
 g - 8 chunks of flesh
 j - a royal jelly


   Skills:
 - Level 1.7 Dodging
 - Level 2.1 Stealth
 * Level 3.3 Unarmed Combat
 - Level 1.7 Spellcasting
 + Level 4.4 Necromancy


You had one spell level left.
You knew the following spells:

 Your Spells              Type           Power        Failure   Level  Hunger
a - Pain                  Necr           ##..         6%          1    ##.....
b - Vampiric Draining     Necr           ##........   17%         3    ####...
c - Animate Skeleton      Necr           N/A          6%          1    ##.....


Dungeon Overview and Level Annotations

Branches:
Dungeon (2/15)

Altars:


Innate Abilities, Weirdness & Mutations

Your body is rotting away.
You thrive on raw meat.
You are immune to poison.
You have sharp fingernails.
You are carnivorous and can eat meat at any time.
Your flesh is cold resistant. (rC+)
You are immune to negative energy. (rN+++)
You do not regenerate when monsters are visible.
You are immune to unholy pain and torment.
You can survive without breathing.


Message History

Some of the chunks of flesh in your inventory have rotted away.
The jackal barks!
The jackal closely misses you. The adder barely misses you.
The jackal stops to sniff the ground.
The adder bites you.
* * * LOW HITPOINT WARNING * * *
Casting: Pain
Confirm with . or Enter, or press ? or * to list all spells.
Aiming: Vampiric Draining
Press: ? - help, Shift-Dir - straight line, f - adder
Aim: an adder (heavily wounded)
You miscast Vampiric Draining.
You are very lightly contaminated with residual magic.
Pain shoots through your body. The adder bites you but does no damage.
Casting: Vampiric Draining
Confirm with . or Enter, or press ? or * to list all spells.
Okay, then.
The adder bites you.
You die...

###### ######## ### #####....#
##......## #...##........#
##........## .
......##.##..######..........#
..##.##.#...#......##..........##
..#...#........###.............##
............#.#######h...........
..#........##...@Shhh...........)
..##...........#######........###
............##.# #..........#
...##........#.# #..........>#
...#(..........# #............
.........#...#.# #..........##
.#.#...#.##.##.. #..........#
#.##.##........ ##........##
#............ ##......#


You could see an adder and 4 jackals.

Vanquished Creatures
  3 adders
  2 oozes (D:1)
  A worm (D:2)
  A leopard gecko (D:1)
  3 goblins
  3 hobgoblins
  2 jackals (D:2)
  4 kobolds
  2 quokkas (D:2)
  3 bats
24 creatures vanquished.

Notes
Turn   | Place    | Note
-------+----------+-------------------------------------------
     0 | D:1      | Monsterracer the Ghoul Necromancer began the quest for the Orb.
     0 | D:1      | Reached XP level 1. HP: 14/14 MP: 2/2
   170 | D:1      | Reached skill level 1 in Unarmed Combat
   170 | D:1      | Reached XP level 2. HP: 11/19 MP: 0/3
   398 | D:1      | Reached XP level 3. HP: 24/26 MP: 0/4
   451 | D:1      | Learned a level 1 spell: Pain
   455 | D:1      | Learned a level 3 spell: Vampiric Draining
   997 | D:2      | Reached XP level 4. HP: 33/33 MP: 5/5
  1001 | D:2      | Learned a level 1 spell: Animate Skeleton
  1116 | D:2      | Slain by an adder

Vault maps used:
D:1:      lemuel_arrival_cross, corner_web_ring
D:2:      hangedman_decor_clover_reticule, nicolae_dithmenos_shadow_blocks

Skill      XL: |  1  2  3 |
---------------+----------+-----
Unarmed Combat | 1 2 3 |  3.3
Dodging        | |  1.7
Stealth        | |  2.1
Spellcasting   | |  1.7
Necromancy     | |  4.4

Action                   |  1- 3 |  4- 6 || total
-------------------------+-------+-------++-------
Melee: Unarmed           |    39 |    12 ||    51
 Cast: Pain              |    35 |    10 ||    45
       Vampiric Draining |     1 |       ||     1
       Animate Skeleton  |       |     1 ||     1
  Use: Potion            |     5 |       ||     5
       Scroll            |     6 |       ||     6
  Eat: Chunk             |     6 |       ||     6
Armor: Robe              |    13 |     4 ||    17
Dodge: Dodged            |    35 |    17 ||    52
